NCAA
NEBRASKA CORNHUSKERS @ KENTUCKY WILDCATS
04/30/2030
 
TOP OF THE 1ST
Nebraska Cornhuskers batting - Pitching for Kentucky Wildcats : RHP Tommy Miller
Pitching: RHP Tommy Miller
Batting: LHB Dustin Wesman 0-0: Ball
1-0: Foul Ball, location: 2F
1-1: Called Strike
1-2: Fly out, F2 (Popup, 13S)
Batting: RHB Jeremy Davidson 0-0: Called Strike
0-1: Ball
1-1: Called Strike
1-2: Foul Ball, location: 2F
1-2: SINGLE (Flyball, 7LS)
Batting: RHB John Carr 0-0: Ball
1-0: DOUBLE (Line Drive, 7LM)
Jeremy Davidson to third
Batting: RHB Cliff Long 0-0: Ball
1-0: Swinging Strike
1-1: Foul Ball, location: 2F
1-2: Foul Ball, location: 2F
1-2: Ball
2-2: Foul Ball, location: 2F
2-2: Ground out 3-1 (Groundball, 34)
Jeremy Davidson scores
John Carr to third
Batting: LHB Scott Perkins 0-0: Called Strike
0-1: SINGLE (Line Drive, 8RS)
John Carr scores
Batting: RHB Jeff Belcher 0-0: Ball
1-0: Ball
2-0: DOUBLE (Flyball, 9LM)
Scott Perkins to third
Batting: RHB David Howard 0-0: SINGLE (Line Drive, 5)
Scott Perkins scores
Jeff Belcher to third
Runner from 3rd tries for Home, SAFE, no throw
Batting: RHB Dave Rodgers 0-0: Ball
1-0: Ball
2-0: Ball
3-0: Called Strike
3-1: Called Strike
3-2: Strikes out looking
Top of the 1st over - 4 runs, 5 hits, 0 errors, 1 left on base; Nebraska 4 - Kentucky 0
BOTTOM OF THE 1ST
Kentucky Wildcats batting - Pitching for Nebraska Cornhuskers : RHP Bob Curtis
Pitching: RHP Bob Curtis
Batting: RHB Haywood Young 0-0: Ball
1-0: Called Strike
1-1: Ball
2-1: Called Strike
2-2: Strikes out swinging
Batting: RHB Travis Kramer 0-0: Ball
1-0: Foul Ball, location: 2F
1-1: Ball
2-1: SINGLE (Groundball, 56D)
Batting: RHB Billy Forbes 0-0: Ball
Pickoff Throw to First - Out!
1-0: Foul Ball, location: 2F
1-1: Called Strike
1-2: Fly out, F9 (Flyball, 9LS)
Bottom of the 1st over - 0 runs, 1 hit, 0 errors, 0 left on base; Nebraska 4 - Kentucky 0
TOP OF THE 2ND
Nebraska Cornhuskers batting - Pitching for Kentucky Wildcats : RHP Tommy Miller
Batting: SHB Conner Whitney 0-0: SINGLE (Groundball, 34D)
Batting: LHB Dustin Wesman 0-0: Called Strike
0-1: Foul Ball, location: 2F
0-2: Ball
1-2: Ball
2-2: Ball
3-2: Foul Ball, location: 2F
3-2: Base on Balls
Conner Whitney to second
Batting: RHB Jeremy Davidson 0-0: Called Strike
0-1: Ball
1-1: Swinging Strike
1-2: Ball
2-2: Ball
3-2: Base on Balls
Conner Whitney to third
Dustin Wesman to second
Batting: RHB John Carr 0-0: DOUBLE (Flyball, 8LXD)
Conner Whitney scores
Dustin Wesman scores
Jeremy Davidson to third
Runner from 3rd tries for Home, SAFE, no throw
Batting: RHB Cliff Long 0-0: Called Strike
0-1: Foul Ball, location: 2F
0-2: Ball
1-2: Ball
2-2: Foul Ball, location: 2F
2-2: Foul Ball, location: 2F
2-2: Ball
3-2: Strikes out looking
Batting: LHB Scott Perkins 0-0: Ball
1-0: Ball
2-0: Ball
3-0: Base on Balls
Batting: RHB Jeff Belcher 0-0: Ball
1-0: Ball
2-0: SINGLE (Groundball, 34D)
John Carr to third
Scott Perkins to second
Runner from 3rd tries for Home, throw and OUT!
Scott Perkins to third
Jeff Belcher to second
Batting: RHB David Howard 0-0: Called Strike
0-1: Foul Ball, location: 2F
0-2: Foul Ball, location: 2F
0-2: Ball
1-2: Strikes out swinging
Top of the 2nd over - 3 runs, 3 hits, 0 errors, 2 left on base; Nebraska 7 - Kentucky 0
BOTTOM OF THE 2ND
Kentucky Wildcats batting - Pitching for Nebraska Cornhuskers : RHP Bob Curtis
Batting: RHB Sam Robinson 0-0: Foul Ball, location: 2F
0-1: Ball
1-1: Swinging Strike
1-2: Ball
2-2: Fly out, F3 (Popup, 3S)
Batting: RHB Johnny Carson 0-0: Foul Ball, location: 2F
0-1: Ball
1-1: Ball
2-1: Called Strike
2-2: Ball
3-2: Base on Balls
Batting: RHB Ken Jenkins 0-0: Ball
1-0: Called Strike
1-1: SINGLE (Groundball, 34D)
Johnny Carson to second
Runner from 2nd tries for 3rd, SAFE, no throw
Batting: RHB Jamal Martínez 0-0: Called Strike
0-1: Ball
1-1: Fielders Choice at 2nd, 1-6 (Groundball, 13S)
Batting: RHB Ken Walsh 0-0: Ball
1-0: Ball
2-0: Swinging Strike
2-1: Called Strike
2-2: Ground out 1-3 (Groundball, 15S)
Bottom of the 2nd over - 0 runs, 1 hit, 0 errors, 2 left on base; Nebraska 7 - Kentucky 0
TOP OF THE 3RD
Nebraska Cornhuskers batting - Pitching for Kentucky Wildcats : RHP Tommy Miller
Batting: RHB Dave Rodgers 0-0: Ground out 5-3 (Groundball, 25)
Batting: SHB Conner Whitney 0-0: Ball
1-0: Ball
2-0: Ball
3-0: Fly out, F8 (Line Drive, 8LS)
Batting: LHB Dustin Wesman 0-0: Ground out 4-3 (Groundball, 34)
Top of the 3rd over - 0 runs, 0 hits, 0 errors, 0 left on base; Nebraska 7 - Kentucky 0
BOTTOM OF THE 3RD
Kentucky Wildcats batting - Pitching for Nebraska Cornhuskers : RHP Bob Curtis
Batting: RHB Chris Young 0-0: Called Strike
0-1: Fly out, F4 (Line Drive, 4)
Batting: RHB Haywood Young 0-0: Swinging Strike
0-1: Ball
1-1: Swinging Strike
1-2: Strikes out swinging
Batting: RHB Travis Kramer 0-0: Foul Ball, location: 2F
0-1: Swinging Strike
0-2: Strikes out swinging, 2-3 out at first.
Bottom of the 3rd over - 0 runs, 0 hits, 0 errors, 0 left on base; Nebraska 7 - Kentucky 0
TOP OF THE 4TH
Nebraska Cornhuskers batting - Pitching for Kentucky Wildcats : RHP Tommy Miller
Batting: RHB Jeremy Davidson 0-0: Ground out 6-3 (Groundball, 6)
Batting: RHB John Carr 0-0: Called Strike
0-1: Ball
1-1: Swinging Strike
1-2: Strikes out looking
Batting: RHB Cliff Long 0-0: Fly out, F3 (Line Drive, 4MS)
Top of the 4th over - 0 runs, 0 hits, 0 errors, 0 left on base; Nebraska 7 - Kentucky 0
BOTTOM OF THE 4TH
Kentucky Wildcats batting - Pitching for Nebraska Cornhuskers : RHP Bob Curtis
Batting: RHB Billy Forbes 0-0: Called Strike
0-1: Ball
1-1: Fly out, F9 (Flyball, 9LMF)
Batting: RHB Sam Robinson 0-0: Ball
1-0: Swinging Strike
1-1: Swinging Strike
1-2: Foul Ball, location: 2F
1-2: SOLO HOME RUN (Flyball, 7D), Distance : 353 ft
Batting: RHB Johnny Carson 0-0: Swinging Strike
0-1: Ball
1-1: Called Strike
1-2: Ball
2-2: Strikes out swinging
Batting: RHB Ken Jenkins 0-0: Ground out U3 (Groundball, 34)
Bottom of the 4th over - 1 run, 1 hit, 0 errors, 0 left on base; Nebraska 7 - Kentucky 1
TOP OF THE 5TH
Nebraska Cornhuskers batting - Pitching for Kentucky Wildcats : RHP Tommy Miller
Batting: LHB Scott Perkins 0-0: Swinging Strike
0-1: Hit by Pitch
Batting: RHB Jeff Belcher 0-0: SINGLE (Line Drive, 89M)
Scott Perkins to second
Pitching: LHP José Castellanos
Batting: RHB David Howard 0-0: Ball
1-0: Ball
Wild Pitch!
Scott Perkins to third
Jeff Belcher to second
2-0: Ball
3-0: Called Strike
3-1: Foul Ball, location: 2F
3-2: Fly out, F9 (Flyball, 9)
Runner from 3rd tags up, OUT at HOME
Jeff Belcher to third
Batting: RHB Dave Rodgers 0-0: Ball
1-0: Swinging Strike
1-1: Reached via error on a dropped throw, E1
Jeff Belcher scores
Pitching: LHP Todd Rogers
Batting: SHB Conner Whitney 0-0: Ball
1-0: Ball
2-0: Ball
3-0: Called Strike
3-1: Base on Balls
Dave Rodgers to second
Batting: LHB Dustin Wesman 0-0: Called Strike
0-1: SINGLE (Groundball, 34D)
Dave Rodgers to third
Conner Whitney to second
Runner from 3rd tries for Home, SAFE, no throw
Batting: RHB Jeremy Davidson 0-0: Ball
1-0: Foul Ball, location: 2F
1-1: SINGLE (Groundball, 56) (infield hit)
Conner Whitney to third
Dustin Wesman to second
Batting: RHB John Carr 0-0: Ball
1-0: Ball
2-0: Ball
3-0: Base on Balls
Conner Whitney scores
Dustin Wesman to third
Jeremy Davidson to second
Batting: RHB Cliff Long 0-0: Foul Ball, location: 2F
0-1: Fly out, F9 (Flyball, 89S)
Top of the 5th over - 3 runs, 3 hits, 1 error, 3 left on base; Nebraska 10 - Kentucky 1
BOTTOM OF THE 5TH
Kentucky Wildcats batting - Pitching for Nebraska Cornhuskers : RHP Bob Curtis
Batting: RHB Jamal Martínez 0-0: Ball
1-0: Swinging Strike
1-1: Foul Ball, location: 2F
1-2: Ground out 5-3 (Groundball, 56)
Batting: RHB Ken Walsh 0-0: Called Strike
0-1: Swinging Strike
0-2: Ball
1-2: Strikes out looking
Batting: RHB Chris Young 0-0: Ball
1-0: Ball
2-0: SINGLE (Groundball, 56D)
Batting: RHB Haywood Young 0-0: Ball
1-0: Fly out, F9 (Flyball, 9S)
Bottom of the 5th over - 0 runs, 1 hit, 0 errors, 1 left on base; Nebraska 10 - Kentucky 1
TOP OF THE 6TH
Nebraska Cornhuskers batting - Pitching for Kentucky Wildcats : LHP Todd Rogers
Batting: LHB Scott Perkins 0-0: Ball
1-0: Called Strike
1-1: Foul Ball, location: 2F
1-2: Ball
2-2: Foul Ball, location: 2F
2-2: Ball
3-2: Ground out 4-3 (Groundball, 4)
Batting: RHB Jeff Belcher 0-0: Ball
1-0: Called Strike
1-1: Foul Ball, location: 2F
1-2: Foul Ball, location: 2F
1-2: Strikes out swinging
Batting: RHB David Howard 0-0: Ball
1-0: Called Strike
1-1: Ground out 5-3 (Groundball, 56S)
Top of the 6th over - 0 runs, 0 hits, 0 errors, 0 left on base; Nebraska 10 - Kentucky 1
BOTTOM OF THE 6TH
Kentucky Wildcats batting - Pitching for Nebraska Cornhuskers : RHP Bob Curtis
Batting: RHB Travis Kramer 0-0: Ball
1-0: Called Strike
1-1: SINGLE (Line Drive, 7LS)
Batting: RHB Billy Forbes 0-0: Called Strike
0-1: Ball
1-1: Called Strike
1-2: Ball
2-2: Foul Ball, location: 2F
2-2: Ball
3-2: Base on Balls
Travis Kramer to second
Pitching: RHP Henry Lockyer
Batting: RHB Sam Robinson 0-0: Fielders Choice at 3rd, U5 (Groundball, 5L)
Billy Forbes to second
Batting: RHB Johnny Carson 0-0: Ball
1-0: Called Strike
1-1: Ball
2-1: Called Strike
2-2: Foul Ball, location: 2F
2-2: Strikes out swinging
Batting: RHB Ken Jenkins 0-0: Swinging Strike
0-1: Swinging Strike
0-2: Strikes out swinging
Bottom of the 6th over - 0 runs, 1 hit, 0 errors, 2 left on base; Nebraska 10 - Kentucky 1
TOP OF THE 7TH
Nebraska Cornhuskers batting - Pitching for Kentucky Wildcats : LHP Todd Rogers
Batting: RHB Dave Rodgers 0-0: Ball
1-0: Ball
2-0: DOUBLE (Line Drive, 89D)
Batting: SHB Conner Whitney 0-0: Called Strike
0-1: Called Strike
0-2: Foul Ball, location: 2F
0-2: Strikes out swinging
Batting: LHB Dustin Wesman 0-0: Ball
1-0: Foul Ball, location: 2F
1-1: Ball
2-1: Fly out, F9 (Flyball, 89M)
Batting: RHB Jeremy Davidson 0-0: Called Strike
0-1: Ball
1-1: SINGLE (Line Drive, 9)
Dave Rodgers to third
Runner from 3rd tries for Home, SAFE, no throw
Batting: RHB John Carr 0-0: Called Strike
0-1: Swinging Strike
0-2: Strikes out swinging
Top of the 7th over - 1 run, 2 hits, 0 errors, 1 left on base; Nebraska 11 - Kentucky 1
BOTTOM OF THE 7TH
Kentucky Wildcats batting - Pitching for Nebraska Cornhuskers : RHP Henry Lockyer
Batting: RHB Jamal Martínez 0-0: Called Strike
0-1: Ball
1-1: Ball
2-1: Ball
3-1: Foul Ball, location: 2F
3-2: Base on Balls
Batting: RHB Ken Walsh 0-0: Ball
1-0: Foul Ball, location: 2F
1-1: Ball
2-1: Ball
3-1: Foul Ball, location: 2F
3-2: Strikes out swinging
Batting: RHB Chris Young 0-0: Called Strike
0-1: Swinging Strike
0-2: Ball
1-2: Foul Ball, location: 2F
1-2: SINGLE (Groundball, 56D)
Jamal Martínez to second
Batting: RHB Haywood Young 0-0: Ball
Jamal Martínez steals 3rd base
Chris Young to second
1-0: SINGLE (Groundball, 34D)
Jamal Martínez scores
Chris Young to third
Batting: RHB Travis Kramer 0-0: Ball
1-0: SINGLE (Groundball, 4MD)
Chris Young scores
Haywood Young to second
Runner from 2nd tries for 3rd, SAFE, throw made to third
Batting: RHB Billy Forbes 0-0: Ball
1-0: Ball
Travis Kramer steals 2nd base
2-0: Ball
3-0: Base on Balls
Batting: RHB Sam Robinson 0-0: Called Strike
0-1: GRAND SLAM HOME RUN (Flyball, 7LD), Distance : 314 ft
Pitching: LHP José Vázquez
Batting: RHB Johnny Carson 0-0: Ball
1-0: Foul Ball, location: 2F
1-1: Ball
2-1: Swinging Strike
2-2: Foul Ball, location: 2F
2-2: Foul Ball, location: 2F
2-2: Ball
3-2: Strikes out swinging
Batting: RHB Ken Jenkins 0-0: Ground out U3 (Groundball, 34)
Bottom of the 7th over - 6 runs, 4 hits, 0 errors, 0 left on base; Nebraska 11 - Kentucky 7
TOP OF THE 8TH
Nebraska Cornhuskers batting - Pitching for Kentucky Wildcats : LHP Todd Rogers
Pitching: RHP Rafael Hernández
Batting: RHB Cliff Long 0-0: Ball
1-0: Ball
2-0: DOUBLE (Flyball, 8RXD)
Batting: LHB Scott Perkins 0-0: Intentional Walk
Batting: RHB Jeff Belcher 0-0: Ball
1-0: Ball
2-0: Ball
Wild Pitch!
Cliff Long to third
Scott Perkins to second
3-0: Intentional Walk
Batting: RHB David Howard 0-0: Ball
1-0: Ball
2-0: Ball
3-0: Base on Balls
Cliff Long scores
Scott Perkins to third
Jeff Belcher to second
Batting: RHB Dave Rodgers 0-0: Called Strike
0-1: SINGLE (Line Drive, 8RS)
Scott Perkins scores
Jeff Belcher to third
David Howard to second
Batting: SHB Conner Whitney 0-0: Ball
1-0: Foul Ball, location: 2F
1-1: SINGLE (Groundball, 34D)
Jeff Belcher scores
David Howard to third
Dave Rodgers to second
Batting: LHB Dustin Wesman 0-0: Foul Ball, location: 2F
0-1: Fly out, F7 (Flyball, 78S)
Runner from 3rd tags up, SCORES, no throw
Batting: RHB Jeremy Davidson 0-0: Ball
1-0: Ball
2-0: Called Strike
2-1: Ball
3-1: Called Strike
3-2: Foul Ball, location: 2F
3-2: Strikes out swinging
Batting: RHB John Carr 0-0: Ball
1-0: Ball
2-0: 3-RUN HOME RUN (Flyball, 7LD), Distance : 318 ft
Batting: RHB Cliff Long 0-0: Fly out, F9 (Line Drive, 9)
Top of the 8th over - 7 runs, 4 hits, 0 errors, 0 left on base; Nebraska 18 - Kentucky 7
BOTTOM OF THE 8TH
Kentucky Wildcats batting - Pitching for Nebraska Cornhuskers : LHP José Vázquez
Batting: RHB Jamal Martínez 0-0: Swinging Strike
0-1: Ball
1-1: Foul Ball, location: 2F
1-2: Strikes out swinging
Batting: RHB Ken Walsh 0-0: Ball
1-0: Swinging Strike
1-1: Foul Ball, location: 2F
1-2: Foul Ball, location: 2F
1-2: Foul Ball, location: 2F
1-2: Foul Ball, location: 2F
1-2: Ground out 6-3 (Groundball, 6)
Batting: RHB Chris Young 0-0: Ground out 6-3 (Groundball, 6)
Bottom of the 8th over - 0 runs, 0 hits, 0 errors, 0 left on base; Nebraska 18 - Kentucky 7
TOP OF THE 9TH
Nebraska Cornhuskers batting - Pitching for Kentucky Wildcats : RHP Rafael Hernández
Batting: LHB Scott Perkins 0-0: Called Strike
0-1: Fly out, F9 (Flyball, 9)
Batting: RHB Jeff Belcher 0-0: Ball
1-0: Ball
2-0: Ball
3-0: Called Strike
3-1: Called Strike
3-2: Foul Ball, location: 2F
3-2: Base on Balls
Batting: RHB David Howard 0-0: Ball
1-0: Ball
2-0: Called Strike
2-1: Foul Ball, location: 2F
2-2: Ball
3-2: Base on Balls
Jeff Belcher to second
Batting: RHB Dave Rodgers 0-0: SINGLE (Groundball, 34D)
Jeff Belcher to third
David Howard to second
Runner from 3rd tries for Home, SAFE, throw made home
Batting: SHB Conner Whitney 0-0: Called Strike
0-1: Ball
1-1: Ball
2-1: Ball
3-1: Foul Ball, location: 2F
3-2: Base on Balls
David Howard to third
Dave Rodgers to second
Pitching: RHP Robert Morrison
Batting: LHB Dustin Wesman 0-0: Called Strike
0-1: Ball
1-1: Called Strike
1-2: Ball
2-2: Ball
3-2: Base on Balls
David Howard scores
Dave Rodgers to third
Conner Whitney to second
Batting: RHB Jeremy Davidson 0-0: Foul Ball, location: 2F
0-1: Fly out, F7 (Line Drive, 7D)
Runner from 3rd tags up, SCORES, throw made
Batting: RHB John Carr 0-0: Foul Ball, location: 2F
0-1: Called Strike
0-2: Ball
1-2: 3-RUN HOME RUN (Flyball, 7D), Distance : 348 ft
Batting: RHB Cliff Long 0-0: Called Strike
0-1: Called Strike
0-2: SINGLE (Groundball, 34D)
Batting: LHB Scott Perkins 0-0: Foul Ball, location: 2F
0-1: Ball
1-1: Swinging Strike
1-2: Foul Ball, location: 2F
1-2: Ball
2-2: Ball
3-2: Base on Balls
Cliff Long to second
Batting: RHB Jeff Belcher 0-0: Ball
1-0: Ball
2-0: SINGLE (Groundball, 4MD)
Cliff Long to third
Scott Perkins to second
Runner from 3rd tries for Home, SAFE, no throw
Batting: RHB David Howard 0-0: Swinging Strike
0-1: DOUBLE (Flyball, 8LD)
Scott Perkins scores
Jeff Belcher to third
Runner from 3rd tries for Home, SAFE, no throw
Batting: RHB Dave Rodgers 0-0: Ball
1-0: Ball
2-0: Ground out 5-3 (Groundball, 5)
Top of the 9th over - 9 runs, 5 hits, 0 errors, 1 left on base; Nebraska 27 - Kentucky 7
BOTTOM OF THE 9TH
Kentucky Wildcats batting - Pitching for Nebraska Cornhuskers : LHP José Vázquez
Batting: RHB Haywood Young 0-0: Ball
1-0: Foul Ball, location: 2F
1-1: Ball
2-1: SINGLE (Groundball, 34D)
Batting: RHB Travis Kramer 0-0: Ball
1-0: Ball
2-0: SINGLE (Flyball, 7LM)
Haywood Young to second
Batting: RHB Billy Forbes 0-0: Ball
1-0: Ball
2-0: Ball
3-0: Called Strike
3-1: Foul Ball, location: 2F
3-2: Foul Ball, location: 2F
3-2: Base on Balls
Haywood Young to third
Travis Kramer to second
Batting: RHB Sam Robinson 0-0: Swinging Strike
0-1: Foul Ball, location: 2F
0-2: Ball
1-2: Foul Ball, location: 2F
1-2: Ball
2-2: Ball
3-2: Base on Balls
Haywood Young scores
Travis Kramer to third
Billy Forbes to second
Batting: RHB Johnny Carson 0-0: Swinging Strike
0-1: Ball
1-1: DOUBLE (Flyball, 8RXD)
Travis Kramer scores
Billy Forbes scores
Sam Robinson to third
Batting: RHB Ken Jenkins 0-0: Foul Ball, location: 2F
0-1: Foul Ball, location: 2F
0-2: Ball
1-2: Ball
2-2: Ball
3-2: Strikes out looking
Batting: RHB Jamal Martínez 0-0: Ball
1-0: Ball
2-0: Ball
3-0: Called Strike
3-1: Base on Balls
Pitching: RHP Mike McKinney
Batting: RHB Ken Walsh 0-0: Ball
1-0: Fly out, F9 (Flyball, 9LMF)
Runner from 3rd tags up, SCORES, no throw
Now in RF: Orlando Valdéz
Batting: RHB Chris Young 0-0: Foul Ball, location: 2F
0-1: Fly out, F8 (Line Drive, 8RM)
Bottom of the 9th over - 4 runs, 3 hits, 0 errors, 2 left on base; Nebraska 27 - Kentucky 11
Saturday, April 7th, 2018 - OOTP Baseball 18.8 Build 76